AoeStats
← arec

Arabia

510501187Analyzed
1v1 RM · 1d ago on Oct 1, 2026· 33m 20s· 2 players
Game mode
Random Map
Map size
Tiny (2 player)
Population
200
Speed
Normal
Resources
Standard
Victory
Conquest
Starting age
Dark Age
Ending age
Imperial Age
RankedLock teamsTeams togetherTeam positionsShared explorationLock speedFull tech treeHidden civsTurbo modeCheats
Victory
Defeat
🇬🇧 Saracens · United Kingdom
1341
+20
🇩🇪 Berbers · Germany
1440
-20
Kunrt
6:07 Loom
8:55 Feudal Age
10:06 Double-Bit Axe
11:05 Horse Collar
18:17 Castle Age
17:23 Gold Mining
17:41 Scale Barding Armor
18:50 Bloodlines
19:01 Fletching
27:35 Chain Barding Armor
30:03 Crossbowman
32:41 Bodkin Arrow
arec
7:04 Loom
10:25 Feudal Age
14:41 Castle Age
23:06 Town Watch
Connection lost

Rejoining the realm…

Still unreachable

The connection could not be restored.

Session expired

The server has moved on; the page needs a fresh start.